 Dungeon Crawl Stone Soup version 0.19-a0-1888-g6ba2374 (webtiles) character file.

107 Naow the Chopper (level 5, -6/41 HPs)
             Began as a Formicid Fighter on Oct 17, 2016.
             Mangled by Naow's ghost (9 damage)
             ... on level 3 of the Dungeon.
             The game lasted 00:02:06 (2068 turns).

Naow the Chopper (Formicid Fighter)                 Turns: 2068, Time: 00:02:07

Health: -6/41      AC:  8    Str: 25    XL:     5   Next: 11%
Magic:  5/5        EV:  8    Int:  9    God:
Gold:   155        SH:  9    Dex: 10    Spells: 0 memorised, 4 levels left

rFire  . . .     SeeInvis +     r - +0 broad axe
rCold  . . .     Gourm    .     b - +0 scale mail
rNeg   . . .     Faith    .     c - +0 shield
rPois  .         Spirit   .     (helmet unavailable)
rElec  .         Dismiss  .     (no cloak)
rCorr  .         Reflect  .     (no gloves)
MR     .....     Harm     .     p - +0 pair of boots
Stlth  ..........               (no amulet)
                                (no ring)
                                (no ring)

@: mighty
A: permanent stasis, dig shafts and tunnels, four strong arms, antennae 3
a: Dig, Shaft Self


You were on level 3 of the Dungeon.
You were not hungry.

You visited 1 branch of the dungeon, and saw 3 of its levels.

You collected 155 gold pieces.

Inventory:

Hand Weapons
 a - a +0 war axe
 r - a +0 broad axe (weapon)
Armour
 b - a +0 scale mail (worn)
 c - a +0 shield (worn)
 p - a +0 pair of boots (worn)
Jewellery
 j - an uncursed amulet of rage {unknown}
 q - an uncursed ring of flight {unknown}
 t - a cursed amulet of inaccuracy {unknown}
Scrolls
 e - 5 scrolls of remove curse {unknown}
 g - a scroll of amnesia {unknown}
 h - a scroll of immolation {unknown}
 l - 3 scrolls of identify {unknown}
 n - 2 scrolls of fear {unknown}
 o - a scroll of enchant armour {unknown}
 u - a scroll of fog {unknown}
Potions
 k - a potion of cure mutation {unknown}
 m - a potion of curing {unknown}
Comestibles
 f - 2 bread rations
 i - a meat ration
 v - 4 fruits


   Skills:
 - Level 3.2 Fighting
 + Level 4.8 Axes
 - Level 3.2 Armour
 - Level 3.6 Shields


You had 4 spell levels left.
You didn't know any spells.

Dungeon Overview and Level Annotations

Branches:
Dungeon (3/15)

Altars:

Annotations:
D:3 Naow's ghost, amateur FoFi


Innate Abilities, Weirdness & Mutations

You are under a permanent stasis effect.
You can dig through walls and to a lower floor.
Your four strong arms can wield two-handed weapons with a shield.
You have a pair of large antennae on your head. (SInv)


Message History

Naow's ghost hits you!
Your shield and scale mail prevent you from hitting Naow's ghost.
Naow's ghost is lightly damaged.
You block Naow's ghost's attack. Naow's ghost hits you!
* * * LOW HITPOINT WARNING * * *
You are too injured to fight recklessly!
You feel very mighty all of a sudden.
Naow's ghost hits you but does no damage.
You hit Naow's ghost.
Naow's ghost is lightly damaged.
Naow's ghost hits you.
* * * LOW HITPOINT WARNING * * *
You hit Naow's ghost.
Naow's ghost is moderately damaged.
You block Naow's ghost's attack.
You barely miss Naow's ghost.
Naow's ghost is moderately damaged.
Naow's ghost says, "Try not to bleed too much."
Naow's ghost hits you!
You die...

#.... ... ... ##
... ... #'#
....###.#
.......W#
.......@#
###########.#
[.......###.#
#.........#
#.#...##########
#...#...<.....
#...'.........
#...#.#########
#...#.# #.....#


You could see Naow's ghost.

Vanquished Creatures
  5 adders
  3 worms
  3 dart slugs
  3 leopard geckos
  3 giant cockroaches (D:1)
  3 goblins
  3 hobgoblins (D:1)
  A quokka (D:2)
  A ball python (D:1)
  6 bats
  5 frilled lizards
  9 kobolds
  6 rats
51 creatures vanquished.

Notes
Turn   | Place    | Note
-------+----------+-------------------------------------------
     0 | D:1      | Naow the Formicid Fighter began the quest for the Orb.
     0 | D:1      | Reached XP level 1. HP: 18/18 MP: 1/1
   165 | D:1      | Reached XP level 2. HP: 17/24 MP: 2/2
   202 | D:1      | Reached skill level 3 in Axes
   383 | D:1      | Reached XP level 3. HP: 29/29 MP: 3/3
   884 | D:2      | Reached skill level 4 in Axes
   884 | D:2      | Reached XP level 4. HP: 35/35 MP: 4/4
  1861 | D:3      | Reached XP level 5. HP: 40/41 MP: 5/5
  2059 | D:3      | Noticed Naow's ghost (amateur FoFi)
  2068 | D:3      | Mangled by Naow's ghost

Vault maps used:
D:1:      dpeg_arrival_water_temple_mockup
D:2:      cheibrodos_helix_gallery

Skill      XL: |  1  2  3 |
---------------+----------+-----
Axes           | 3 4 |  4.8
Fighting       | |  3.2
Armour         | |  3.2
Shields        | |  3.6

Action                   |  1- 3 |  4- 6 || total
-------------------------+-------+-------++-------
Melee: War axe           |   115 |    64 ||   179
       Broad axe         |       |    40 ||    40
  Use: Potion            |       |     1 ||     1
  Eat: Chunk             |       |     4 ||     4
Armor: Scale mail        |    57 |    47 ||   104
Dodge: Dodged            |    36 |    28 ||    64
Block: Shield            |    69 |    64 ||   133
